 Dungeon Crawl Stone Soup version 0.20-a0-3-g334f831 (console) character file.

391 brucemayne the Cleaver (level 6, 0/76 HPs)
             Began as a Hill Orc Monk on Oct 30, 2016.
             Succumbed to a killer bee's poison
             ... on level 6 of the Dungeon.
             The game lasted 00:06:21 (1747 turns).

brucemayne the Cleaver (Hill Orc Monk)              Turns: 1747, Time: 00:06:22

Health: 0/76       AC: 23    Str: 16      XL:     6   Next: 80%
Magic:  6/6        EV:  2    Int:  9 (10) God:
Gold:   178        SH:  0    Dex: 13      Spells: 0 memorised, 5 levels left

rFire  . . .     SeeInvis .     p - +0 war axe
rCold  . . .     Gourm    .     (armour currently unavailable)
rNeg   + + +     Faith    .     (no shield)
rPois  +         Spirit   .     (helmet currently unavailable)
rElec  .         Reflect  .     (cloak currently unavailable)
rCorr  .         Harm     .     (gloves currently unavailable)
MR     .....     Rnd*Rage +     (boots currently unavailable)
Stlth  ++........ NoTele   +    (no amulet)
                                (no ring)
                                (no ring)

@: lethally poisoned (0 -> -7), tree-form, very slightly contaminated, invisible
A: (fangs 0), berserk 1, wild magic 1
a: no special abilities


You were on level 6 of the Dungeon.
You were not hungry.
You were a tree.
You visited 1 branch of the dungeon, and saw 6 of its levels.

You collected 178 gold pieces.

Inventory:

Hand Weapons
 a - a +1 hand axe
 p - a +0 war axe (weapon)
Missiles
 n - 21 poisoned needles
Armour
 b - a +0 robe
 f - a +0 scale mail (melded)
 g - a +0 ring mail
 m - a +0 pair of boots (melded)
Jewellery
 o - an uncursed amulet of inaccuracy
Scrolls
 e - a scroll of identify
 k - 2 scrolls of amnesia
Comestibles
 c - 2 bread rations
 j - a meat ration
 s - a fruit


   Skills:
 - Level 3.6 Fighting
 + Level 9.7 Axes
 - Level 2.4 Dodging
 - Level 1.5 Stealth


You had 5 spell levels left.
You didn't know any spells.

Dungeon Overview and Level Annotations

Branches:
Dungeon (6/15)
 Temple: D:4-7

Altars:
Gozag

Shops:
D:5 %

Annotations:
D:5 exclusion: downstairs


Innate Abilities, Weirdness & Mutations

((You have very sharp teeth.))
You tend to lose your temper in combat.
Your spells are a little harder to cast, but a little more powerful.


Message History

The killer bee stings you but does no damage.
You miss the killer bee.
The killer bee is severely wounded.
* * * LOW HITPOINT WARNING * * *
You feel sick.
The killer bee stings you but does no damage. x2
You catch the helpless killer bee completely off-guard!
You hit the killer bee.
The killer bee is almost dead.
* * * LOW HITPOINT WARNING * * *
You feel sick. The killer bee barely misses you.
The killer bee stings you but does no damage.
You strike the helpless killer bee from behind!
You slash the killer bee!
You kill the killer bee!
* * * LOW HITPOINT WARNING * * *
You feel sick.
* * * LOW HITPOINT WARNING * * *
You feel sick.
You die...

**,y...#* ####.## ####
**..###.,* #..#######*,*
*,,** #,,* ##........,,***
,,** **,* #........,,,,*
*,** *,** #.#######,****
*,,* **,* #.# **,* **,*
*******#o# **,** *,**
*,,,,,#.# ***,,* *,,*
***,*,*,#♣#**,,,,*
**,****,+,,_,,+........*
*,,**,,*,*,*,#.......#*
**,,*,,,*,,,,,#.......#
**,,,,,,,******#.......#*
,,,*,,,,,,,,,,,.........****
,***,,******,,,...#####.,,,*
,* *,,* **,,...# *,****
,***,,* **,*,,,* *,,*


You could see an orc.

Vanquished Creatures
  A phantom (D:6)
  A scorpion (D:4)
  A killer bee (D:6)
  Jessica (D:2)
  An iguana (D:5)
  2 worker ants
  6 adders
  An ooze (D:2)
  A dart slug (D:3)
  A leopard gecko (D:2)
  3 orcs
  2 ball pythons (D:2)
  A giant cockroach (D:1)
  4 jackals (D:4)
  8 kobolds
  2 quokkas
  A bat (D:3)
  5 frilled lizards
  2 gnoll zombies (D:2)
  5 goblins
  3 rats
52 creatures vanquished.

Notes
Turn   | Place    | Note
-------+----------+-------------------------------------------
     0 | D:1      | brucemayne the Hill Orc Monk began the quest for the Orb.
     0 | D:1      | Reached XP level 1. HP: 19/19 MP: 1/1
   129 | D:2      | Reached XP level 2. HP: 25/26 MP: 2/2
   133 | D:2      | Reached skill level 5 in Axes
   165 | D:3      | Reached XP level 3. HP: 30/31 MP: 3/3
   302 | D:2      | Noticed Jessica
   316 | D:2      | Killed Jessica
   316 | D:2      | Reached skill level 6 in Axes
   346 | D:2      | Reached XP level 4. HP: 36/39 MP: 4/4
   635 | D:3      | Reached skill level 7 in Axes
   670 | D:5      | Entered Level 5 of the Dungeon
   670 | D:5      | Found Sufav's Food Shoppe.
   796 | D:6      | Reached XP level 5. HP: 25/45 MP: 5/5
   825 | D:6      | HP: 2/45 [poisoned by a worker ant]
   830 | D:6      | Gained mutation: Your spells are a little harder to cast, but a little more powerful. [potion of mutation]
   830 | D:6      | Gained mutation: You tend to lose your temper in combat. [potion of mutation]
   830 | D:6      | Gained mutation: You have very sharp teeth. [potion of mutation]
   833 | D:6      | HP: 1/45 [poisoned by a worker ant]
  1018 | D:6      | Noticed a sky beast
  1019 | D:6      | Noticed a sky beast
  1030 | D:5      | Noticed a phantom
  1314 | D:3      | Found an opulent altar of Gozag.
  1456 | D:4      | Reached skill level 8 in Axes
  1482 | D:4      | Reached XP level 6. HP: 27/51 MP: 6/6
  1650 | D:5      | Noticed a phantom
  1691 | D:6      | Killed a phantom
  1691 | D:6      | Reached skill level 9 in Axes
  1743 | D:6      | HP: 3/76 [poisoned by a killer bee]
  1745 | D:6      | HP: 1/76 [poisoned by a killer bee]
  1747 | D:6      | Succumbed to a killer bee's poison

Vault maps used:
D:1:      enne_arrival_octagon_isle
D:2:      lemuel_zombie_altar_yredelemnul, bloody_trog, lightli_temple_of_fire,
          uniq_jessica
D:3:      grunt_gozag_statues, serial_aquarium, aquarium_bridge_island_small,
          aquarium_window_2, aquarium_window_fake, aquarium_window_1,
          aquarium_view_2g
D:4:      marbit_many_paths, first_bread
D:5:      cheibrodos_ashenzari_chains, serial_shops, shop,
          kennysheep_nondescript, hangedman_decor_peaks_small
D:6:      nicolae_overflow_crystal_walls, kennysheep_little_box, st_stairs_5

Skill      XL: |  1  2  3  4  5  6 |
---------------+-------------------+-----
Axes           | 5 6 7 8 9 |  9.7
Fighting       | |  3.6
Dodging        | |  2.4
Stealth        | |  1.5

Action                   |  1- 3 |  4- 6 || total
-------------------------+-------+-------++-------
Melee: Hand axe          |    36 |   105 ||   141
       War axe           |       |    50 ||    50
       Bite              |       |     6 ||     6
  Use: Scroll            |       |     6 ||     6
       Potion            |       |     7 ||     7
 Stab: Distracted        |     1 |       ||     1
       Invisible         |       |     2 ||     2
  Eat: Chunk             |       |     2 ||     2
       Fruit             |       |     1 ||     1
Armor: Ring mail         |    19 |    40 ||    59
       Scale mail        |       |    28 ||    28
       Skin              |       |     8 ||     8
Dodge: Dodged            |    17 |   102 ||   119
